 Dungeon Crawl Stone Soup version 0.16.1-12-gf5c4a84 (webtiles) character file.

173 KarvaRausku the Skirmisher (level 5, 0/48 HPs)
             Began as a Minotaur Fighter on Apr 8, 2015.
             Killed from afar by CcS's ghost (8 damage)
             ... with a stone arrow
             ... on level 5 of the Dungeon.
             The game lasted 00:04:16 (2499 turns).

KarvaRausku the Skirmisher (Minotaur Fighter)       Turns: 2499, Time: 00:04:16

Health: 0/48       AC: 12    Str: 21    XL:     5   Next: 28%
Magic:  2/2        EV:  4    Int:  5    God:
Gold:   209        SH:  9    Dex: 10    Spells: 0 memorised, 4 levels left

rFire  . . .     SeeInvis .     a - +0 flail
rCold  . . .     Clarity  .     k - +0 plate armour
rNeg   . . .     SustAb   .     c - +0 shield
rPois  .         Gourm    .     (helmet restricted)
rElec  .         Spirit   .     (no cloak)
rCorr  .         Warding  .     (no gloves)
rMut   .         Stasis   .     (no boots)
MR     .....                    (no amulet)
Stlth  ..........               (no ring)
                                f - ring of flight

@: not resistant to hostile enchantments, extremely unstealthy
A: retaliatory headbutt, horns 2
a: Evoke Flight


You were on level 5 of the Dungeon.
You were not hungry.

You visited 1 branch of the dungeon, and saw 6 of its levels.

You collected 209 gold pieces.

Inventory:

Hand weapons
 a - a +0 flail (weapon)
Missiles
 x - 2 throwing nets (quivered)
Armour
 b - a +0 scale mail
 c - a +0 shield (worn)
 k - a +0 plate armour (worn)
 o - a cursed +0 ring mail
 z - a +0 helmet
Jewellery
 f - a ring of flight (left hand)
 y - an uncursed ring of positive energy {unknown}
Scrolls
 g - a scroll of fear {unknown}
 h - 6 scrolls of identify {unknown}
 m - 2 scrolls of remove curse {unknown}
 p - a scroll of magic mapping {unknown}
 r - a scroll of enchant weapon {unknown}
 s - a scroll of teleportation {unknown}
 w - a scroll of random uselessness {unknown}
Potions
 e - 2 potions of might
 i - 2 potions of heal wounds {unknown}
 l - a potion of cancellation {unknown}
 n - a potion of restore abilities {unknown}
 v - a potion of resistance {unknown}
Comestibles
 d - 4 bread rations
 j - 3 fruits
 q - a royal jelly
 t - a beef jerky
 u - 2 slices of pizza


   Skills:
 * Level 5.4 Fighting
 + Level 3.7 Maces & Flails
 + Level 4.4 Armour
 + Level 4.6 Shields


You had 4 spell levels left.
You didn't know any spells.

Dungeon Overview and Level Annotations

Branches:
Dungeon (6/15)
 Temple: D:4-7

Altars:

Annotations:
D:5 CcS's ghost, average GrEE
D:6 Blork the orc


Innate Abilities, Weirdness & Mutations

You reflexively headbutt those who attack you in melee.
You have a pair of horns on your head.


Message History

CcS's ghost turns its malevolent gaze towards you.
Found 19 gold pieces.
There is a stone staircase leading down here.
You closely miss the worker ant. You headbutt the worker ant.
You kill the worker ant!
CcS's ghost gestures at you while chanting.
The stone arrow hits you!
* * * LOW HITPOINT WARNING * * *
You feel sick.
Drink which item? (? for menu, Esc to quit)
Okay, then.
You feel sick.
You are no longer poisoned.
A giant gecko comes into view.
A rat comes into view.
The rat moves out of view.
You see here 19 gold pieces.
CcS's ghost points at you and mumbles some strange words.
The stone arrow hits you!
You die...

#.# #.# #.# #.# .
#.# ... #.# ## l...
# #.##.##.....
....r###.$W#........
#.......@##.#
#.#.###.....#
##.##.# #.##.#
##.##.#
###.###>###.#
#.....†.....#
..##..#.##### #..#.#


You could see CcS's ghost and a rat.

Vanquished Creatures
  A worker ant (D:5)
  An iguana (D:4)
  A giant mite (D:3)
  A shadow imp (D:4)
  4 adders
  A worm (D:3)
  3 giant geckos
  2 oozes
  6 bats
  3 giant cockroaches
  11 hobgoblins
  6 jackals
  8 kobolds
  A ball python (D:1)
  2 giant newts
  7 goblins
  5 rats
63 creatures vanquished.

Notes
Turn   | Place    | Note
--------------------------------------------------------------
     0 | D:1      | KarvaRausku, the Minotaur Fighter, began the quest for the Orb.
     0 | D:1      | Reached XP level 1. HP: 19/19 MP: 1/1
   195 | D:1      | Reached XP level 2. HP: 27/27 MP: 1/1
   599 | D:1      | Reached skill level 4 in Fighting
  1014 | D:2      | Reached XP level 3. HP: 23/33 MP: 2/2
  1394 | D:2      | Reached XP level 4. HP: 38/41 MP: 2/2
  1499 | D:3      | Reached skill level 5 in Fighting
  2402 | D:4      | Reached XP level 5. HP: 45/48 MP: 2/2
  2457 | D:4      | You fall through a shaft for 2 floors!
  2457 | D:6      | Noticed Blork the orc
  2486 | D:5      | Entered Level 5 of the Dungeon
  2486 | D:5      | Noticed CcS's ghost (average GrEE)
  2499 | D:5      | Killed from afar by CcS's ghost

Action                   |  1- 3 |  4- 6 || total
-------------------------+-------+-------++-------
Melee: Flail             |   111 |    77 ||   188
  Eat: Chunk             |     1 |     4 ||     5
